 Dungeon Crawl Stone Soup version 0.27-a0-1532-gca18f49f40 (webtiles) character file.

Game seed: 4429290625974643877

359 garrulousMonolith the Magician (level 6, -1/69 HPs)
             Began as a Djinni Air Elementalist on July 12, 2021.
             Was an Initiate of Okawaru.
             Slain by Pikel (4 damage)
             ... on level 3 of the Dungeon.
             The game lasted 00:06:46 (5117 turns).

garrulousMonolith the Magician (DjAE)               Turns: 5117, Time: 00:06:47

Health: -1/69      AC: 23    Str:  7    XL:     6   Next: 97%
Gold:   99         EV:  2    Int: 18    God:    Okawaru [......] SH:  0 Dex: 14

rFire    + . .     SeeInvis .   e - +2 dagger (venom)
rCold    + . .     Faith    .   (no shield)
rNeg     + + +     Spirit   .   (armour currently unavailable)
rPois    ∞         Reflect  .   (helmet currently unavailable)
rElec    +         Harm     .   (cloak currently unavailable)
rCorr    +         Rampage  .   (gloves currently unavailable)
Will     .....     NoTele   +   (boots unavailable)
Stlth    ++........             t - amulet of the acrobat
HPRegen  0.21/turn              (no ring)
MPRegen  0.00/turn              (no ring)

@: tree-form, resistant
A: stationary, stasis, torment immunity, boosted hp, sickness immunity, (fire
resistance 2), (cold vulnerability 1), float, innate caster, hp casting, extra
vitality 1
a: Renounce Religion


You were on level 3 of the Dungeon.
You worshipped Okawaru.
Okawaru was noncommittal.
You were a tree.
You visited 1 branch of the dungeon, and saw 4 of its levels.

You collected 99 gold pieces.

Inventory:

Hand Weapons
 e - a +2 dagger of venom (weapon)
 m - a +2 vampiric long sword
 q - a +0 spear of venom
Missiles
 f - 3 javelins
 u - 25 poisoned darts (quivered)
Armour
 b - a +0 leather armour (melded)
 d - a +0 pair of gloves (melded)
 p - a +1 helmet (melded)
Jewellery
 t - an amulet of the acrobat (around neck)
Scrolls
 a - a scroll of brand weapon {unknown}
 g - 2 scrolls of teleportation
 i - a scroll of enchant weapon {unknown}
 l - 2 scrolls of vulnerability {unknown}
 r - a scroll of immolation {unknown}
 s - a scroll of identify
Potions
 c - a potion of degeneration {unknown}
 j - a potion of lignification
 k - a potion of might {unknown}
 n - a potion of mutation {unknown}


   Skills:
 * Level 3.4 Fighting
 + Level 3.5 Dodging
 - Level 2.0 Stealth
 * Level 3.7 Spellcasting
 + Level 2.3 Invocations


You couldn't memorise any spells.
You knew the following spells:

 Your Spells              Type           Power      Damage    Failure   Level
a - Shock                 Conj/Air       64%        1d7       3%          1
b - Airstrike             Air            8%         N/A       32%         4
c - Static Discharge      Conj/Air       16%        N/A       4%          2
d - Swiftness             Air            16%        N/A       10%         3
e - Magic Dart            Conj           64%        1d6       3%          1
f - Passwall              Tmut/Erth      13%        N/A       4%          2
Your spell library was empty.

Dungeon Overview and Level Annotations

Branches:
Dungeon (4/15)
 Temple: D:4-7

Altars:
Okawaru
Ru
Wu Jian
Yredelemnul

Annotations:
D:3 Pikel


Innate Abilities, Weirdness & Mutations

You are a tree.
Your roots penetrate the ground, keeping you stationary.
You cannot be teleported.
You are immune to unholy pain and torment.
Your maximum health is greatly increased.
Your equipment is partially melded.
You are immune to sickness and miasma.
You are immune to poison.
((Your flesh is very heat resistant. (rF++)))
((You are vulnerable to cold. (rC-)))
You float through the air rather than walking.
You learn spells naturally, not from books.
Your magical power is your life essence.
You have superior vitality. (+4 HP)


Message History

Pikel hits you but does no damage.
Casting: Shock (safe; 3% risk of failure)
Confirm with . or Enter, or press ? or * to list all spells.
Aiming: Shock (safe; 3% risk of failure)
Press: ? - help, Shift-Dir - straight line, f/p - Pikel
Aim: Pikel, wielding a +1 whip of flaming and wearing a +0 robe (heavily wounded, poisoned, 64% to hit)
The zap hits Pikel.
Pikel is severely wounded.
* * * LOW HITPOINT WARNING * * *
Pikel hits you with a +1 whip of flaming.
* * * LOW HITPOINT WARNING * * *
Pikel burns you.
* * * LOW HITPOINT WARNING * * *
Casting: Shock (safe; 3% risk of failure)
Confirm with . or Enter, or press ? or * to list all spells.
Pikel is struck by an arc of lightning.
Pikel is severely wounded.
You resist.
You are struck by an arc of lightning.
* * * LOW HITPOINT WARNING * * *
Pikel hits you but does no damage.
Casting: Static Discharge (safe; 4% risk of failure)
Confirm with . or Enter, or press ? or * to list all spells.
Aiming: Shock (safe; 3% risk of failure)
Press: ? - help, Shift-Dir - straight line, f/p - Pikel
Aim: Pikel, wielding a +1 whip of flaming and wearing a +0 robe (severely wounded, poisoned, 64% to hit)
The zap hits Pikel.
Pikel is severely wounded.
* * * LOW HITPOINT WARNING * * *
Pikel hits you with a +1 whip of flaming.
* * * LOW HITPOINT WARNING * * *
Casting: Shock (safe; 3% risk of failure)
Confirm with . or Enter, or press ? or * to list all spells.
Aiming: Shock (safe; 3% risk of failure)
Press: ? - help, Shift-Dir - straight line, f/p - Pikel
Aim: Pikel, wielding a +1 whip of flaming and wearing a +0 robe (severely wounded, poisoned, 64% to hit)
The zap hits Pikel.
Pikel is almost dead.
* * * LOW HITPOINT WARNING * * *
Pikel hits you with a +1 whip of flaming.
You die...

.......#..............._#
........[####........####
#.#.#....# #........#
#.#.#....#############
#.#.#..#.#...######
.#..#.............#
#.###.#.:#...####>#
#.###.#..##.#####K##
................♣..#
......#..##################
#..........#........#.....#
#######..###........#####.#
#....#..#.##..#.# #.#
#..#.'...#.#..#.# #.#
#######..#.'.[#.#...#.# #.#
........(###..##.#..#.# #.#
.######.####........#.# #.#


You could see Pikel (poisoned).

Vanquished Creatures
  An orc priest (D:2)
  An iguana (D:2)
  Natasha (twice) (D:4)
  A scorpion zombie (D:3)
  2 hound skeletons (D:4)
  7 gnolls
  6 adders
  An adder zombie (D:3)
  A dart slug (D:2)
  8 orcs
  9 ball pythons
  6 endoplasms
  A giant cockroach (D:1)
  7 goblins
  6 hobgoblins
  3 jackals (D:3)
  5 kobolds
  2 quokkas
  3 frilled lizards
  8 rats
80 creatures vanquished.

Notes
Turn   | Place    | Note
-------+----------+-------------------------------------------
     0 | D:1      | garrulousMonolith the Djinni Air Elementalist began the
                  | quest for the Orb.
     0 | D:1      | Reached XP level 1. HP: 15/15 MP: 0/0
    14 | D:1      | Found an iron altar of Okawaru.
    22 | D:1      | Became a worshipper of Warmaster Okawaru
   254 | D:1      | Reached XP level 2. HP: 8/22 MP: 0/0
   743 | D:1      | Found a faded altar of an unknown god.
   952 | D:2      | Reached skill level 1 in Fighting
  1110 | D:2      | Reached XP level 3. HP: 26/27 MP: 0/0
  1110 | D:2      | Learned a level 1 spell: Magic Dart
  1141 | D:2      | Reached skill level 1 in Invocations
  1141 | D:2      | Reached XP level 4. HP: 6/32 MP: 0/0
  1423 | D:2      | Found an ornate altar of the Wu Jian Council.
  1588 | D:2      | Reached XP level 5. HP: 6/38 MP: 0/0
  1588 | D:2      | Learned a level 2 spell: Passwall
  3438 | D:3      | Reached XP level 6. HP: 39/45 MP: 0/0
  3708 | D:3      | Found a sacrificial altar of Ru.
  3945 | D:3      | Found a basalt altar of Yredelemnul.
  4966 | D:4      | Found an iron altar of Okawaru.
  4972 | D:4      | Noticed Natasha
  4979 | D:4      | Killed Natasha
  5044 | D:4      | Noticed Pikel
  5081 | D:4      | Noticed Natasha
  5090 | D:4      | Killed Natasha
  5117 | D:3      | Slain by Pikel

Illustrated notes

Levels and vault maps discovered:
D:1:      dpeg_arrival_lava_altar, layout_rooms, ebering_ecumenical_altar_webs
D:2:      layout_loops_ring, basic_altar, hangedman_decor_points,
          minmay_surrounded
D:3:      layout_loops_ring, lemuel_zombie_altar_yredelemnul,
          nicolae_ru_awakened_eye, kennysheep_crisscross,
          kennysheep_generic_room_4
D:4:      layout_basic, general_overflow_altar, chequers_serial_rivers_small_b,
          uniq_pikel, uniq_natasha, uniq_robin

Skill      XL: |  1  2  3  4  5  6 |
---------------+-------------------+-----
Fighting       | 1 2 3 |  3.4
Invocations    | 1 2 |  2.3
Stealth        | 2 |  2.0
Spellcasting   | 3 |  3.7
Dodging        | 3 |  3.5

Action                   |  1- 3 |  4- 6 || total
-------------------------+-------+-------++-------
Melee: Dagger            |       |     1 ||     1
Throw: Dart              |       |     1 ||     1
 Cast: Shock             |    52 |   170 ||   222
       Static Discharge  |       |    30 ||    30
       Swiftness         |       |     1 ||     1
  Use: Scroll            |       |     3 ||     3
       Potion            |       |     4 ||     4
Armor: Robe              |       |     1 ||     1
       Leather armour    |       |    18 ||    18
       Skin              |       |     2 ||     2
Dodge: Dodged            |     4 |    67 ||    71

Table legend: (Time is in decaauts)
 A = Elapsed time spent in this place.
 B = Non-inter-level travel time spent in this place.
 C = Inter-level travel time spent in this place.
 D = Time resting spent in this place.
 E = Time spent auto-exploring this place.
 F = Levels seen in this place.
 G = Mean time per level.
                   A        B        C        D        E       F      G
               +--------+--------+--------+--------+--------+-----+--------+
         Total |   5122 |   5041 |     81 |   1920 |   2522 |   4 | 1280.5 |
       Dungeon |   5122 |   5041 |     81 |   1920 |   2522 |   4 | 1280.5 |
               +--------+--------+--------+--------+--------+-----+--------+

Top non-repeatable levels by time:
     D:2: 2261 daAuts
     D:3: 1256 daAuts
     D:1: 1131 daAuts
     D:4: 473 daAuts
